 Dungeon Crawl Stone Soup version 0.30-a0-800-g7c544603b3 (console) character file.

Game seed: 7657707000127369342

1885 jejorda2 the Spear-Bearer (level 9, -7/75 HPs)
             Began as a Merfolk Berserker on Feb 22, 2023.
             Was a Priest of Trog.
             Killed by divine providence
             ... invoked by an orc priest
              (9 damage)
             ... on level 7 of the Dungeon.
             The game lasted 00:12:04 (5192 turns).

jejorda2 the Spear-Bearer (Merfolk Berserker)       Turns: 5192, Time: 00:12:05

Health: -7/75      AC: 16    Str: 27    XL:     9   Next: 14%
Magic:  9/9        EV: 20    Int:  7    God:    Trog [***...]
Gold:   388        SH:  0    Dex: 13    Spells: 8/8 levels left

rFire   + . .      SeeInvis .    a - +1 halberd (elec)
rCold   + + .      Faith    .    (shield currently unavailable)
rNeg    . . .      Spirit   .    l - +1 gold dragon scales
rPois   +          Reflect  .    j - +0 helmet
rElec   .          Harm     .    (no cloak)
rCorr   .          Rampage  .    (no gloves)
Will    .....                    (no boots) Stlth
                                 D - amulet of the acrobat
HPRegen 0.32/turn                m - ring of protection from cold
MPRegen 0.11/turn                y - +6 ring of strength

@: on berserk cooldown, acrobatic, slowed, studying Fighting, very slow
A: (nimble swimmer 2), mertail
a: Renounce Religion, Berserk, Trog's Hand


You were on level 7 of the Dungeon.
You worshipped Trog.
Trog was most pleased with you.
You visited 1 branch of the dungeon, and saw 7 of its levels.

You collected 388 gold pieces.

Inventory:

Hand Weapons
 a - a +1 halberd of electrocution (weapon)
 b - a +0 spear
Missiles
 c - 11 poisoned darts (quivered)
 g - 35 stones
 r - 6 boomerangs
 E - 2 boomerangs of dispersal
Armour
 j - a +0 helmet (worn)
 l - +1 gold dragon scales (worn)
Jewellery
 m - a ring of protection from cold (left hand)
 y - a +6 ring of strength (right hand)
 D - an amulet of the acrobat (around neck)
Wands
 u - a wand of quicksilver (3)
 F - a wand of flame (18)
Scrolls
 h - a scroll of blinking
 C - a scroll of brand weapon
Potions
 d - 2 potions of might {unknown}
 e - 3 potions of attraction
 f - 3 potions of mutation
 k - 3 potions of haste
 n - a potion of resistance {unknown}
 q - a potion of magic {unknown}
 s - 3 potions of curing
 t - 2 potions of lignification
 v - a potion of flight {unknown}
 x - a potion of ambrosia {unknown}
 J - a potion of heal wounds {unknown}


   Skills:
 + Level 8.6 Fighting
 * Level 11.4 Polearms
 + Level 4.4 Armour
 - Level 3.0 Dodging


You had 8 spell levels left.
You didn't know any spells.
Your spell library was empty.

Dungeon Overview and Level Annotations

Branches:
Dungeon (7/15)             Temple (0/1) D:7

Altars:
Dithmenos
Elyvilon
Fedhas
Gozag
Hepliaklqana
Kikubaaqudgha
Nemelex Xobeh
Okawaru
Sif Muna
Xom

Shops:
D:6 =

Annotations:
D:5 3 runed translucent doors, pigah's ghost, novice OpWn


Innate Abilities, Weirdness & Mutations

((You are very nimble when in or above water. (Stealth+, EV+, Speed+++)))
Your lower body shifts to a powerful aquatic tail in water.


Message History

You barely miss the orc. Something hits you but does no damage.
The gnoll hits you from afar with a +0 spear.
* * * LOW HITPOINT WARNING * * *
The orc hits you with a +0 club.
* * * LOW HITPOINT WARNING * * *
You slice the orc!! Lightning courses through the orc!
You kill the orc!
Trog accepts your kill.
You miss something. Something hits you but does no damage.
The gnoll hits you from afar with a +0 spear.
* * * LOW HITPOINT WARNING * * *
You barely miss the gnoll. Something hits you but does no damage.
The gnoll hits you with a +0 flail!
* * * LOW HITPOINT WARNING * * *
The orc priest mumbles some strange prayers to Beogh against you.
Beogh smites you!
* * * LOW HITPOINT WARNING * * *
The gnoll hits you but does no damage.
You barely miss something. You barely miss something.
The orc priest looks braver for a moment.
Something hits you but does no damage.
The orc priest looks braver for a moment.
The gnoll hits you but does no damage. x2
You closely miss something. You slice something!! Trog accepts your kill.
Trog appreciates your killing of a magic user.
Reactivating autopickup.
You feel a bit more experienced.
The gnoll hits you from afar with a +0 spear.
* * * LOW HITPOINT WARNING * * *
The gnoll hits you but does no damage.
You closely miss the gnoll.
You are no longer berserk.
You are exhausted.
You feel yourself slow down.
The orc priest calls down the wrath of Beogh upon you.
Beogh smites you!
You die...

##.....##.######
#...#..# ###...##.#
#......#.#
#######.####.#.#.#
#.......##.......#
..########..#......#
#..goo###.....#
#@##go# #..##..
#.###lg#..## # #..
#.h.. # ...........
.##......... .#
#..._...# . ........
#. ...


You could see an orc priest, a gnoll and an orc.

Vanquished Creatures
  A hornet (D:6)
  A steam dragon (D:6)
  A water moccasin (D:5)
  2 orc warriors (D:7)
  A sky beast (D:7)
  A black bear (D:6)
  An ogre (D:7)
  A centaur (D:7)
  A bullfrog (D:6)
  A scorpion (D:5)
  6 killer bees (D:7)
  2 orc priests
  A gnoll bouda (D:5)
  4 iguanas
  2 orc wizards
  8 gnolls
  7 adders
  A shadow imp (D:5)
  A white imp (D:6)
  2 ufetubi (D:6)
  3 dart slugs
  24 orcs
  5 ball pythons
  2 bats
  4 endoplasms
  4 giant cockroaches
  4 goblins
  7 hobgoblins
  5 jackals
  5 quokkas
  3 frilled lizards
  5 kobolds
  6 rats
122 creatures vanquished.

Vanquished Creatures (others)
  3 fungi (D:5)
  A plant (D:5)
4 creatures vanquished.

Grand Total: 126 creatures vanquished

Notes
Turn   | Place    | Note
-------+----------+-------------------------------------------
     0 | D:1      | jejorda2 the Merfolk Berserker began the quest for the Orb.
     0 | D:1      | Reached XP level 1. HP: 18/18 MP: 1/1
   123 | D:1      | Reached XP level 2. HP: 19/24 MP: 2/2
   690 | D:2      | Reached XP level 3. HP: 29/29 MP: 3/3
   753 | D:2      | Found a faded altar of an unknown god.
   803 | D:2      | Reached ** piety under Trog
   804 | D:2      | Reached skill level 5 in Polearms
  1305 | D:3      | Reached XP level 4. HP: 37/37 MP: 4/4
  1540 | D:3      | Found a blossoming altar of Fedhas.
  1723 | D:3      | Found an iron altar of Okawaru.
  1844 | D:3      | Found a white marble altar of Elyvilon.
  2232 | D:4      | Reached skill level 6 in Polearms
  2232 | D:4      | Reached XP level 5. HP: 26/42 MP: 5/5
  2310 | D:4      | Found a shimmering blue altar of Sif Muna.
  2627 | D:5      | Entered Level 5 of the Dungeon
  2704 | D:5      | Found an opulent altar of Gozag.
  2708 | D:5      | Found an opulent altar of Gozag.
  2708 | D:5      | Found an opulent altar of Gozag.
  2714 | D:5      | Found an opulent altar of Gozag.
  2858 | D:5      | Reached XP level 6. HP: 49/49 MP: 6/6
  2982 | D:5      | Reached skill level 7 in Polearms
  3036 | D:5      | Noticed a water moccasin
  3056 | D:5      | Killed a water moccasin
  3057 | D:5      | Reached skill level 5 in Fighting
  3057 | D:5      | Reached XP level 7. HP: 56/56 MP: 7/7
  3214 | D:5      | Found an ancient bone altar of Kikubaaqudgha.
  3431 | D:5      | Found a runed translucent gate.
  3431 | D:5      | Found a runed translucent gate.
  3431 | D:5      | Noticed pigah's ghost (novice OpWn)
  3433 | D:5      | Found a runed translucent gate.
  3632 | D:6      | Reached skill level 8 in Polearms
  3639 | D:6      | Reached *** piety under Trog
  3798 | D:6      | Noticed a hornet
  3805 | D:5      | Identified a scroll of acquirement
  3805 | D:5      | Acquired a manual of Fighting
  3866 | D:6      | Killed a hornet
  3999 | D:6      | Found Optop's Jewellery Boutique.
  4009 | D:6      | Reached skill level 9 in Polearms
  4054 | D:6      | Found a sparkling altar of Nemelex Xobeh.
  4078 | D:6      | Reached XP level 8. HP: 65/65 MP: 8/8
  4352 | D:6      | Found a shimmering altar of Xom.
  4353 | D:6      | Found a hazy altar of Hepliaklqana.
  4354 | D:6      | Noticed a spectral ugly thing
  4713 | D:7      | Reached skill level 10 in Polearms
  4838 | D:7      | Found a staircase to the Ecumenical Temple.
  4872 | D:7      | Reached skill level 11 in Polearms
  4872 | D:7      | Reached XP level 9. HP: 47/74 MP: 9/9
  5153 | D:7      | Found a shadowy altar of Dithmenos.
  5186 | D:7      | HP: 2/112 [orc priest/divine providence (10)]
  5192 | D:7      | Killed from afar by an orc priest

Illustrated notes

Levels and vault maps discovered:
D:1:      lemuel_arrival_room, layout_rooms, minmay_pentomino_r2
D:2:      layout_rooms, ebering_ecumenical_altar_petrified
D:3:      layout_loops_corners, nicolae_elyvilon_temple_path,
          fedhas_ov_isle_minmay, mainiacjoe_overflow_six_doors_small,
          minivault_24
D:4:      layout_rooms, nicolae_sif_muna_condensation
D:5:      layout_basic, nicolae_gozag_conspicuous_consumption,
          lemuel_tele_altar, gammafunk_ghost_nasty_kobolds
D:6:      layout_basic, regret_index_temple_of_mockery, general_overflow_altar,
          minmay_shop_enchanted_jewellery, grunt_ministairs_3
D:7:      minmay_thinvault, layout_basic, nicolae_dithmenos_shadow_blocks,
          lemuel_crystal_altar, minmay_temple_entry_large_hall

Skill      XL: |  1  2  3  4  5  6  7  8 |
---------------+-------------------------+-----
Dodging        | 3 |  3.0
Polearms       | 5 6 7 9 11 | 11.4
Fighting       | 4 5 6 8 |  8.6
Armour         | 2 3 4 |  4.4

Action                     |  1- 3 |  4- 6 |  7- 9 || total
---------------------------+-------+-------+-------++-------
  Melee: Spear             |   121 |   148 |       ||   269
         Punch             |       |     1 |       ||     1
         Halberd           |       |    24 |   152 ||   176
  Throw: Stone             |       |     7 |     1 ||     8
         Dart              |       |       |     2 ||     2
 Invoke: Berserk           |     1 |     3 |     4 ||     8
    Use: Scroll            |       |       |    20 ||    20
 Armour: Gold dragon scale |    46 |    60 |   152 ||   258
         Leather armour    |     5 |       |       ||     5
  Dodge: Dodged            |     9 |    27 |    47 ||    83

Table legend: (Time is in decaauts)
 A = Elapsed time spent in this place.
 B = Non-inter-level travel time spent in this place.
 C = Inter-level travel time spent in this place.
 D = Time resting spent in this place.
 E = Time spent auto-exploring this place.
 F = Levels seen in this place.
 G = Mean time per level.
                   A        B        C        D        E       F      G
               +--------+--------+--------+--------+--------+-----+--------+
         Total |   5174 |   4914 |    260 |    556 |   3510 |   7 |  739.1 |
       Dungeon |   5174 |   4914 |    260 |    556 |   3510 |   7 |  739.1 |
               +--------+--------+--------+--------+--------+-----+--------+

Top non-repeatable levels by time:
     D:5: 1159 daAuts
     D:3: 946 daAuts
     D:6: 904 daAuts
     D:2: 662 daAuts
     D:4: 523 daAuts
     D:7: 489 daAuts
     D:1: 488 daAuts
